 Dungeon Crawl Stone Soup version 0.32-a0-918-g0f22ef8d61 (webtiles) character file.

Game seed: 6825671647059267151

65 jlumianski the Chopper (level 4, -2/34 HPs)
             Began as a Coglin Gladiator on Apr 10, 2024.
             Killed from afar by Grinder (11 damage)
             ... with a puff of flame
             ... on level 3 of the Dungeon.
             The game lasted 00:13:13 (2543 turns).

jlumianski the Chopper (Coglin Gladiator)           Turns: 2543, Time: 00:13:13

Health: -2/34      AC:  4    Str: 16    XL:     4   Next: 13%
Magic:  4/4        EV: 11    Int:  7    God:
Gold:   56         SH:  0    Dex: 16    Spells: 3/3 levels left

rFire   . . .        a - +0 war axe {Oma}
rCold   . . .        f - +0 dagger {Weilurgheav}
rNeg    . . .        b - +0 leather armour
rPois   .            c - +0 helmet
rElec   .            (no cloak)
rCorr   .            (no gloves)
SInv    .            (no boots)
Will    .....        (amulet unavailable)
Stlth   +            (ring unavailable)
HPRegen 0.25/turn    (ring unavailable)
MPRegen 0.09/turn    (no gizmo)

%: no passive effects
@: revving
A: off-hand wielding, slow wielding, warmup strikes, no jewellery
a: Invent Gizmo


You were on level 3 of the Dungeon.
You visited 1 branch of the dungeon, and saw 4 of its levels.

You collected 117 gold pieces.
You spent 61 gold pieces at shops.

Inventory:

Hand Weapons
 a - a +0 war axe (weapon) {Oma}
 f - a +0 dagger (offhand) {Weilurgheav}
Missiles
 e - a javelin
 q - 3 poisoned darts
Armour
 b - a +0 leather armour (worn)
 c - a +0 helmet (worn)
Wands
 o - a wand of warping (13)
Scrolls
 h - a scroll of vulnerability
 i - 4 scrolls of teleportation
 l - a scroll of immolation {unknown}
 m - a scroll of noise {unknown}
 p - a scroll of fear {unknown}
Potions
 g - 3 potions of brilliance
 j - a potion of berserk rage
 k - 2 potions of heal wounds
 n - a potion of curing


   Skills:
 + Level 2.4 Fighting
 + Level 0.4 Short Blades
 + Level 3.9 Axes
 + Level 2.0 Throwing
 + Level 0.7 Armour
 + Level 3.0 Dodging


You had 3 spell levels left.
You didn't know any spells.
Your spell library contained the following spells:

 Spells                   Type           Power      Damage    Failure   Level
 Ensorcelled Hibernation  Hex/Ice        0%         N/A       65%         2
 Fugue of the Fallen      Necr           0%         N/A       86%         3
 Ozocubu's Armour         Ice            0%         N/A       86%         3
 Anguish                  Hex/Necr       0%         N/A       99%         4
 Manifold Assault         Tloc           0%         N/A       100%        7


Dungeon Overview and Level Annotations

Branches:
Dungeon (4/15)
 Temple: D:4-7

Altars:
Elyvilon

Shops:
D:1 ?*:

Annotations:
D:3 Grinder


Innate Abilities, Weirdness & Mutations

You can wield a second weapon in your off-hand.
It takes a long time for you to wield or remove held weapons.
Your first few attacks do less damage.
You cannot equip rings or amulets.


Message History

Grinder gestures at you. Pain shoots through your body!
* * * LOW HITPOINT WARNING * * *
You climb upwards.
There is a stone staircase leading down here.
You start resting.
HP restored.
You climb downwards.
Level annotation: Grinder Grinder hits you.
You writhe in agony.
There is a stone staircase leading up here.
You hit Grinder with your +0 war axe.
Grinder is moderately wounded.
You barely miss Grinder with your +0 dagger.
Grinder hits you!
You writhe in agony.
You closely miss Grinder with your +0 war axe.
Grinder is moderately wounded.
You hit Grinder with your +0 dagger. Grinder hits you!
You closely miss Grinder with your +0 war axe.
Grinder is moderately wounded.
You hit Grinder with your +0 dagger.
Grinder blinks!
Grinder gestures at you. Pain shoots through your body!
* * * LOW HITPOINT WARNING * * *
There is a stone staircase leading up here.
There is a stone staircase leading up here.
You barely miss Grinder with your +0 war axe.
Grinder is moderately wounded.
You hit Grinder but do no damage. Grinder gestures at you.
You resist with significant effort.
Throw: throwing net
Press: ? - help, Q - select action, (/) - cycle Shift-Dir - straight line, f - Grinder
Aim: Grinder, carrying a wand of flame (moderately wounded, 55% to hit)
You throw a throwing net. The throwing net hits Grinder.
Grinder is caught in the net!
Grinder is moderately wounded.
Grinder zaps a wand.
The puff of flame hits you!
You die...
Grinder says, "Now the real fun starts!"

.. .# .#..
#######.#.#
#.5@......#
#(####..#...
##...##.##
#####5###.#.#
#....## ##..#
#.##.# #..#
.##.## ##..#
#.###.###...#
#.#
##...#..##


You could see Grinder (caught).

Vanquished Creatures
  An adder (D:3)
  2 dart slugs
  A ribbon worm (D:2)
  2 orcs
  2 endoplasms
  4 giant cockroaches
  4 goblins
  4 hobgoblins (D:1)
  4 jackals (D:1)
  4 kobolds
  4 quokkas
  2 ball pythons
  3 bats
  A frilled lizard (D:2)
  5 rats
43 creatures vanquished.

Notes
Turn   | Place    | Note
-------+----------+-------------------------------------------
     0 | D:1      | jlumianski the Coglin Gladiator began the quest for the
                  | Orb.
     0 | D:1      | Reached XP level 1. HP: 16/16 MP: 1/1
    48 | D:1      | Found Raxuischo's General Store.
   103 | D:1      | Found Duedghyi's Magic Scroll Shoppe.
   136 | D:1      | Reached XP level 2. HP: 22/22 MP: 2/2
   428 | D:1      | Found Gipnak's Book Boutique.
   613 | D:1      | Bought a scroll of identify for 28 gold pieces
   800 | D:1      | Reached XP level 3. HP: 26/27 MP: 3/3
  1154 | D:1      | Bought a scroll of teleportation for 33 gold pieces
  1571 | D:2      | Found a faded altar of an unknown god.
  1833 | D:4      | Reached XP level 4. HP: 33/34 MP: 4/4
  1963 | D:3      | Found a white marble altar of Elyvilon.
  2117 | D:3      | Noticed Grinder
  2271 | D:3      | Paralysed by Grinder for 4 turns
  2411 | D:3      | Paralysed by Grinder for 2 turns
  2543 | D:3      | Killed from afar by Grinder

Illustrated notes

Levels and vault maps discovered:
D:1:      elethiomel_arrival_quiet, layout_basic, serial_shops,
          nicolae_shop_tiny_waterfront, shop, nicolae_shop_advertising_works
          [nicolae_subvault_shop_adworks]
D:2:      layout_loops_cross, shapermc_ecumenical_altar_gd
D:3:      layout_loops_ring, grunt_temple_overflow_forces_of_nature,
          overflow_temple_1_default, uniq_grinder
D:4:      layout_basic, mainiacjoe_overflow_paths, uniq_robin

Skill      XL: |  1  2 |
---------------+-------+-----
Throwing       | 2 |  2.0
Dodging        | 3 |  3.0
Fighting       | |  2.4
Short Blades   | |  0.4
Axes           | |  3.9
Armour         | |  0.7

Action                     |  1- 3 |  4- 6 || total
---------------------------+-------+-------++-------
  Melee: War axe           |    87 |    30 ||   117
         Dagger            |    72 |    31 ||   103
  Throw: Throwing net      |       |     3 ||     3
    Use: Scroll            |     3 |     1 ||     4
         Potion            |       |     1 ||     1
   Stab: Sleeping          |     1 |       ||     1
 Armour: Leather armour    |    53 |    25 ||    78
  Dodge: Dodged            |    52 |    18 ||    70

Table legend: (Time is in decaauts)
 A = Elapsed time spent in this place.
 B = Non-inter-level travel time spent in this place.
 C = Inter-level travel time spent in this place.
 D = Time resting spent in this place.
 E = Time spent auto-exploring this place.
 F = Levels seen in this place.
 G = Mean time per level.
                   A        B        C        D        E       F      G
               +--------+--------+--------+--------+--------+-----+--------+
         Total |   2570 |   2403 |    167 |    340 |   1338 |   4 |  642.5 |
       Dungeon |   2570 |   2403 |    167 |    340 |   1338 |   4 |  642.5 |
               +--------+--------+--------+--------+--------+-----+--------+

Top non-repeatable levels by time:
     D:2: 1098 daAuts
     D:1: 1057 daAuts
     D:3: 341 daAuts
     D:4: 73 daAuts
